 Dungeon Crawl Stone Soup version 0.21-a0-522-ga8338f0 (webtiles) character file.

214 slep the Chopper (level 5, -2/39 HPs)
             Began as a Demonspawn Gladiator on Dec 6, 2017.
             Slain by an orc priest
             ... wielding a +0 flail
              (3 damage)
             ... on level 4 of the Dungeon.
             The game lasted 00:06:31 (2266 turns).

slep the Chopper (Demonspawn Gladiator)             Turns: 2266, Time: 00:06:32

Health: -2/39      AC:  9    Str: 12 (14) XL:     5   Next: 60%
Magic:  0/5        EV: 11    Int:  9 (10) God:
Gold:   170        SH:  0    Dex: 12 (15) Spells: 4/4 levels left

rFire    . . .     SeeInvis .   a - +0 war axe
rCold    . . .     Gourm    .   (no shield)
rNeg     . . .     Faith    .   t - +3 ring mail
rPois    .         Spirit   +   c - +0 helmet
rElec    .         Reflect  .   (no cloak)
rCorr    .         Harm     .   (no gloves)
MR       .....                  (boots unavailable)
Stlth    ..........             (no amulet)
HPRegen  0.13/turn              (no ring)
MPRegen  0.09/turn              (no ring)

@: no status effects
A: hooves 3, magic shield
a: no special abilities


You were on level 4 of the Dungeon.
You were hungry.

You visited 1 branch of the dungeon, and saw 4 of its levels.

You collected 170 gold pieces.

Inventory:

Hand Weapons
 a - a +0 war axe (weapon)
Missiles
 d - 3 throwing nets (quivered)
Armour
 b - a +0 leather armour
 c - a +0 helmet (worn)
 h - a +0 ring mail
 t - a +3 ring mail (worn)
Scrolls
 j - 2 scrolls of enchant weapon {unknown}
 k - 5 scrolls of identify {unknown}
 n - 2 scrolls of amnesia {unknown}
 o - 2 scrolls of immolation {unknown}
 p - a scroll of fog {unknown}
 r - 3 scrolls of teleportation {unknown}
 s - a scroll of fear {unknown}
Potions
 e - a potion of degeneration
 g - a potion of berserk rage {unknown}
 l - a potion of resistance {unknown}
 q - a potion of brilliance {unknown}
Comestibles
 f - 5 bread rations
 i - 2 chunks of flesh
 m - a meat ration
 u - 4 fruits


   Skills:
 + Level 2.6 Fighting
 + Level 4.1 Axes
 + Level 2.0 Throwing
 + Level 2.2 Armour
 + Level 3.5 Dodging
 + Level 0.3 Stealth


You had 4 spell levels left.
You didn't know any spells.

Dungeon Overview and Level Annotations

Branches:
Dungeon (4/15)
 Temple: D:4-7

Altars:


Innate Abilities, Weirdness & Mutations

You have hooves in place of feet.
When hurt, damage is shared between your health and your magic reserves.


Message History

You are feeling hungry.
The orc hits you but does no damage. The orc priest closely misses you.
You barely miss the orc priest.
The orc priest is lightly wounded.
You hit the orc.
You kill the orc!
The orc priest hits you with a flail.
You closely miss the orc priest.
The orc priest is lightly wounded.
The orc priest calls down the wrath of Beogh upon you.
Beogh smites you!
* * * LOW HITPOINT WARNING * * *
You slash the orc priest! Your kick misses the orc priest.
The orc priest is heavily wounded.
The orc priest hits you with a flail.
* * * LOW HITPOINT WARNING * * *
You closely miss the orc priest. You kick the orc priest.
The orc priest is severely wounded.
The orc priest hits you with a flail.
You die...

#.###.# #.....# #.#####
#..# # #..######### #.#
# ##.......#.. ...
#.#####...####.#.# .. .
#.....[........#[#.#...#
................@o......
##............#.#.#...#
#####<..####.#.# # #
#........#..
#...######### ......
.##.##.# . #.# .# # #..
.


You could see an orc priest.

Vanquished Creatures
  Jessica (D:2)
  An orc wizard (D:4)
  2 worker ants (D:4)
  Robin (D:3)
  An adder (D:3)
  An ooze (D:2)
  A worm (D:2)
  4 dart slugs
  4 leopard geckos
  8 orcs
  6 giant cockroaches
  10 goblins
  10 hobgoblins
  A quokka (D:3)
  4 bats
  3 frilled lizards
  4 kobolds
  6 rats
68 creatures vanquished.

Notes
Turn   | Place    | Note
-------+----------+-------------------------------------------
     0 | D:1      | slep the Demonspawn Gladiator began the quest for the Orb.
     0 | D:1      | Reached XP level 1. HP: 16/16 MP: 1/1
    70 | D:1      | Gained mutation: You have large cloven feet. [demonic ancestry]
    70 | D:1      | Reached XP level 2. HP: 17/22 MP: 2/2
   277 | D:1      | Reached skill level 3 in Axes
   494 | D:1      | Gained mutation: You have hoof-like feet. [demonic ancestry]
   494 | D:1      | Reached XP level 3. HP: 19/27 MP: 3/3
   854 | D:2      | Noticed Jessica
   871 | D:2      | Killed Jessica
   871 | D:2      | Reached skill level 1 in Armour
   871 | D:2      | Gained mutation: You have hooves in place of feet. [demonic ancestry]
   871 | D:2      | Reached XP level 4. HP: 17/33 MP: 4/4
   907 | D:2      | Found a faded altar of an unknown god.
  1399 | D:3      | Noticed Robin
  1409 | D:3      | Killed Robin
  2104 | D:4      | Gained mutation: When hurt, damage is shared between your health and your magic reserves. [demonic ancestry]
  2104 | D:4      | Reached XP level 5. HP: 22/39 MP: 5/5
  2105 | D:4      | Reached skill level 4 in Axes
  2265 | D:4      | HP: 1/39 [orc priest/flail (3)]
  2266 | D:4      | Slain by an orc priest

Vault maps used:
D:1:      lightli_molten_gateway
D:2:      chequers_ecumenical_altar_simple_redux, uniq_jessica
D:3:      first_bread, uniq_robin
D:4:      minmay_temple_entry_poolview

Skill      XL: |  1  2  3  4  5 |
---------------+----------------+-----
Dodging        | 3 |  3.5
Throwing       | 2 |  2.0
Axes           | 3 4 |  4.1
Armour         | 1 2 |  2.2
Fighting       | |  2.6
Stealth        | |  0.3

Action                   |  1- 3 |  4- 6 || total
-------------------------+-------+-------++-------
Melee: War axe           |    69 |    85 ||   154
       Kick              |    17 |    15 ||    32
  Use: Potion            |       |     3 ||     3
  Eat: Chunk             |       |     4 ||     4
Armor: Leather armour    |    17 |       ||    17
       Ring mail         |    12 |    43 ||    55
Dodge: Dodged            |    64 |    63 ||   127

Table legend:
 A = Spawn XP
 B = Non-spawn XP
 C = Spawn XP percentage of total XP
 D = Spawn monster count
 E = Non-spawn monster count
 F = Spawn count percentage of total count
 G = Total turns spent on level
                    A         B        C        D         E        F      G
               +---------+---------+-------+---------+---------+-------+---------
         Total |       0 |     307 |   0.0 |       0 |      68 |   0.0 |  2266
               +---------+---------+-------+---------+---------+-------+---------
           D:1 |       0 |      45 |   0.0 |       0 |      24 |   0.0 |   834
           D:2 |       0 |      82 |   0.0 |       0 |      19 |   0.0 |   453
           D:3 |       0 |      61 |   0.0 |       0 |      16 |   0.0 |   777
           D:4 |       0 |     119 |   0.0 |       0 |       9 |   0.0 |   202
               +---------+---------+-------+---------+---------+-------+---------
